 Dungeon Crawl Stone Soup version 0.17-a0-1522-g6c5b4ba (webtiles) character file.

177 TheHolyPigeon the Firebug (level 5, 0/35 HPs)
             Began as a Demonspawn Fire Elementalist on July 14, 2015.
             Succumbed to Ijyb's poison
             ... on level 3 of the Dungeon.
             The game lasted 00:19:36 (3602 turns).

TheHolyPigeon the Firebug (DsFE)                    Turns: 3602, Time: 00:19:36

Health: 0/35       AC:  6    Str:  8    XL:     5   Next: 31%
Magic:  1/8        EV: 10    Int: 17    God:
Gold:   122        SH:  0    Dex: 17    Spells: 2 memorised, 5 levels left

rFire  x . .     SeeInvis .     e - +0 dagger
rCold  + . .     Clarity  .     f - +1 leather armour
rNeg   . . .     SustAt   .     (no shield)
rPois  .         Gourm    .     (no helmet)
rElec  .         Spirit   .     (no cloak)
rCorr  .         Warding  .     s - +0 pair of gloves {Dex+3}
rMut   .         Stasis   .     (no boots)
MR     .....                    (no amulet)
Stlth  +.........               (no ring)
                                d - ring of ice

@: lethally poisoned (0 -> -7), very slightly contaminated, heavily drained, not
resistant to hostile enchantments, very unstealthy
A: claws 1, icy blue scales 1, demonic guardian 1
a: no special abilities


You were on level 3 of the Dungeon.
You were hungry.

You visited 1 branch of the dungeon, and saw 4 of its levels.

You collected 122 gold pieces.

Inventory:

Hand weapons
 e - a +0 dagger (weapon)
Armour
 a - a +0 robe
 f - a +1 leather armour (worn)
 s - a +0 pair of gloves of dexterity (worn)
Jewellery
 d - a ring of ice (left hand)
Scrolls
 h - a scroll of identify
 l - a scroll of enchant weapon {unknown}
 m - 2 scrolls of enchant armour
 q - a scroll of fear
 r - a scroll of recharging {unknown}
Potions
 g - a potion of might {unknown}
 j - a potion of cancellation {unknown}
 k - a potion of flight {unknown}
 p - a potion of brilliance {unknown}
Books
 b - a book of Flames

   Spells                             Type                      Level
   a - Flame Tongue                   Conjuration/Fire             1
   b - Throw Flame                    Conjuration/Fire             2
   c - Conjure Flame                  Conjuration/Fire             3
   d - Inner Flame                    Hexes/Fire                   3
   e - Sticky Flame                   Conjuration/Fire             4
   f - Fireball                       Conjuration/Fire             5
Comestibles
 c - 2 bread rations
 i - a meat ration
 n - a fruit


   Skills:
 - Level 1.7(0.1) Dodging
 - Level 1.7(0.1) Stealth
 - Level 2.0(0.3) Spellcasting
 - Level 1.0(0.0) Conjurations
 + Level 5.5(3.7) Fire Magic


You had 5 spell levels left.
You knew the following spells:

 Your Spells              Type           Power        Failure   Level  Hunger
a - Flame Tongue          Conj/Fire      #....        21%         1    ##.....
b - Throw Flame           Conj/Fire      #.....       28%         2    ###....


Dungeon Overview and Level Annotations

Branches:
Dungeon (4/15)
 Temple: D:4-7

Altars:
Fedhas

Annotations:
D:3 Ijyb


Innate Abilities, Weirdness & Mutations

You have sharp fingernails.
You are partially covered in icy blue scales (AC +1).
A weak demonic guardian rushes to your aid.


Message History

The bat hits you but does no damage. The bat hits you.
* * * LOW HITPOINT WARNING * * *
The bat hits you but does no damage.
Ijyb shouts!
The bat barely misses you. The bat hits you but does no damage.
Ijyb hits you but does no damage.
You are lethally poisoned!
Your quasit bites Ijyb.
Your quasit completely misses Ijyb.
Your quasit claws Ijyb.
* * * LOW HITPOINT WARNING * * *
You feel sick. The bat hits you but does no damage.
Your quasit bites Ijyb but does no damage.
Your quasit closely misses Ijyb.
Your quasit claws Ijyb.
A goblin comes into view. It is wielding a dagger.
* * * LOW HITPOINT WARNING * * *
You feel sick. The bat barely misses you.
Your quasit bites the hobgoblin.
Your quasit claws the hobgoblin.
Your quasit barely misses the hobgoblin.
You die...

... # .... .# .
#.. .#
..#..#######.#
..g......<...#
.......####..#
.....5.gb.@..#
....#gg####.# #
#..# # #..#
.### #g.#
.....##..####.#
#............#
######..######
#..######


You could see Ijyb, a hobgoblin, a goblin, a bat and a friendly quasit.

Vanquished Creatures
  Robin (D:3)
  3 gnolls
  5 adders
  2 oozes
  6 orcs (D:3)
  2 bats
  3 giant cockroaches
  10 goblins
  7 hobgoblins
  11 jackals
  5 kobolds
  A giant gecko (D:1)
  5 rats
61 creatures vanquished.

Vanquished Creatures (collateral kills)
  An orc wizard (D:3)
  A hobgoblin (D:3)
2 creatures vanquished.

Grand Total: 63 creatures vanquished

Notes
Turn   | Place    | Note
--------------------------------------------------------------
     0 | D:1      | TheHolyPigeon the Demonspawn Fire Elementalist began the quest for the Orb.
     0 | D:1      | Reached XP level 1. HP: 13/13 MP: 3/3
   349 | D:1      | Reached skill level 3 in Fire Magic
   479 | D:1      | Gained mutation: A weak demonic guardian rushes to your aid. [demonic ancestry]
   479 | D:1      | Reached XP level 2. HP: 19/19 MP: 1/5
   690 | D:1      | Gained mutation: You are partially covered in icy blue scales (AC +1). [demonic ancestry]
   690 | D:1      | Reached XP level 3. HP: 3/24 MP: 0/6
  1066 | D:1      | Reached skill level 4 in Fire Magic
  1304 | D:1      | Learned a level 2 spell: Throw Flame
  1415 | D:3      | Noticed Ijyb
  2127 | D:2      | Reached XP level 4. HP: 30/30 MP: 5/7
  3104 | D:3      | Found a blossoming altar of Fedhas.
  3130 | D:3      | Reached skill level 5 in Fire Magic
  3391 | D:3      | Gained mutation: You have sharp fingernails. [demonic ancestry]
  3391 | D:3      | Reached XP level 5. HP: 30/35 MP: 3/8
  3524 | D:3      | Noticed Robin
  3553 | D:3      | Killed Robin
  3568 | D:3      | HP: 1/35 [bat (1)]
  3601 | D:3      | HP: 1/35 [poisoned by Ijyb]
  3602 | D:3      | Succumbed to Ijyb's poison

Vault maps used:
D:1:      dpeg_arrival_tiny_i
D:3:      fedhas_altar_3, kennysheep_jessica_study, uniq_iyjb, uniq_robin
D:4:      enter_ossuary_4, first_bread, uniq_eustachio

Action                   |  1- 3 |  4- 6 || total
-------------------------+-------+-------++-------
Melee: Unarmed           |     9 |       ||     9
       Dagger            |    31 |    33 ||    64
 Cast: Flame Tongue      |    44 |    67 ||   111
       Throw Flame       |     7 |       ||     7
  Use: Scroll            |     3 |     6 ||     9
       Potion            |     2 |       ||     2
  Eat: Bread ration      |     2 |       ||     2
       Fruit             |       |     2 ||     2
